AoeStats
← 念

Arena

508722155Analyzed
4v4 RM · 9d ago on Sep 23, 2026· 64m 17s· 8 players
Game mode
Random Map
Map size
Large (8 player)
Population
200
Speed
Normal
Resources
Standard
Victory
Conquest
Starting age
Dark Age
Ending age
Imperial Age
RankedLock teamsTeams togetherTeam positionsShared explorationLock speedFull tech treeHidden civsTurbo modeCheats
Victory
Defeat
🇬🇧 Goths · United Kingdom
1218
+17
🇮🇶 Cumans · Iraq
1183
+19
🇧🇷 Franks · Brazil
1177
+19
🇬🇧 Armenians · United Kingdom
1155
+19
🇲🇽 Japanese · Mexico
1244
-19
🇨🇴 Byzantines · Colombia
1244
-19
🇹🇷 Koreans · Türkiye
1235
-18
🇨🇳 Hindustanis · China
1229
-18
Pino
10:00 Feudal Age
11:28 Loom
15:14 Castle Age
15:57 Double-Bit Axe
16:27 Fletching
20:32 Bodkin Arrow
28:51 Scale Barding Armor
28:57 Forging
28:52 Scale Barding Armor
29:45 Forging
31:30 Chain Barding Armor
32:54 Husbandry
34:36 Iron Casting
38:43 Imperial Age
38:44 Cavalier
40:08 Plate Barding Armor
39:33 Gold Mining
41:42 Blast Furnace
42:07 Conscription
45:01 Wheelbarrow
47:40 Paladin
57:25 Wheelbarrow
Gareth Southgate
11:19 Feudal Age
12:53 Double-Bit Axe
13:08 Loom
16:10 Castle Age
15:35 Stone Mining
17:14 Wheelbarrow
17:39 Bow Saw
22:57 Horse Collar
25:49 Hand Cart
25:52 Heavy Plow
26:30 Gold Mining
30:24 Imperial Age
28:53 Stone Shaft Mining
28:46 Anarchy
29:05 Squires
29:20 Forging
29:10 Scale Mail Armor
31:06 Iron Casting
31:01 Chain Mail Armor
31:30 Conscription
31:12 Perfusion
31:07 Elite Huskarl
33:07 Blast Furnace
33:13 Conscription
37:42 Caravan
38:01 Pikeman
39:53 Scale Barding Armor
39:42 Cavalier
40:23 Husbandry
40:33 Bloodlines
41:36 Chain Barding Armor
46:07 Halberdier
Comrade Toad
9:46 Feudal Age
10:26 Double-Bit Axe
11:57 Loom
14:54 Castle Age
12:58 Horse Collar
16:12 Bow Saw
16:24 Man-at-Arms
16:51 Gambesons
18:05 Squires
18:23 Long Swordsman
20:47 Two-Handed Swordsman
21:15 Arson
22:10 Wheelbarrow
22:43 Gold Mining
23:22 Scale Mail Armor
24:05 Forging
24:12 Heavy Plow
26:59 Chain Mail Armor
28:24 Pikeman
30:33 Gold Shaft Mining
31:45 Iron Casting
32:33 Halberdier
34:04 Stone Mining
36:31 Champion
47:20 Hand Cart
54:23 Imperial Age
55:14 Fereters
55:30 Conscription
55:25 Fereters
57:25 Treadmill Crane
57:10 Capped Ram
58:54 Siege Ram
60:20 Guilds
62:22 Fortified Wall
62:23 Masonry
ahmady sulaymani
2:23 Loom
9:18 Feudal Age
10:08 Double-Bit Axe
11:37 Horse Collar
21:30 Castle Age
20:29 Wheelbarrow
19:59 Gold Mining
20:16 Stone Mining
22:44 Hand Cart
22:41 Bow Saw
22:33 Heavy Plow
23:10 Gold Shaft Mining
23:31 Capped Ram
30:25 Imperial Age
28:18 Fletching
28:28 Padded Archer Armor
28:34 Thumb Ring
29:28 Bloodlines
28:39 Light Cavalry
29:16 Bodkin Arrow
30:27 Ballistics
30:18 Masonry
30:25 Leather Archer Armor
29:39 Pikeman
30:20 Squires
35:44 Imperial Age
35:19 Scale Barding Armor
35:24 Forging
35:19 Scale Barding Armor
35:48 Elite Kipchak
37:30 Two-Man Saw
37:02 Ring Archer Armor
37:27 Ring Archer Armor
37:21 Conscription
37:03 Steppe Husbandry
37:04 Cuman Mercenaries
38:42 Chemistry
38:15 Parthian Tactics
38:35 Crop Rotation
39:57 Chain Barding Armor
39:47 Forging
40:29 Hussar
41:48 Plate Barding Armor
45:06 Iron Casting
44:48 Guilds
49:28 Blast Furnace
60:41 Murder Holes
64:29 Coinage
mike
2:31 Loom
11:30 Feudal Age
16:10 Castle Age
14:33 Double-Bit Axe
17:03 Scale Mail Armor
19:49 Squires
23:23 Chain Mail Armor
25:13 Forging
30:15 Arson
34:21 Wheelbarrow
34:23 Iron Casting
35:21 Bow Saw
41:09 Imperial Age
38:08 Elite Skirmisher
39:15 Padded Archer Armor
39:06 Fletching
40:15 Leather Archer Armor
42:26 Ballistics
43:06 Ring Archer Armor
43:24 Conscription
43:40 Fortified Wall
44:55 Hand Cart
47:33 Bodkin Arrow
47:54 Gold Mining
49:56 Two-Man Saw
52:40 Bracer
52:34 Pikeman
54:27 Blast Furnace
53:55 Elite Samurai
55:35 Plate Mail Armor
54:59 Horse Collar
57:01 Halberdier
57:51 Heavy Plow
60:31 Masonry
Kestrel
10:21 Feudal Age
15:44 Castle Age
16:51 Loom
21:05 Wheelbarrow
26:56 Scale Barding Armor
27:03 Forging
27:45 Husbandry
28:45 Chain Barding Armor
29:16 Iron Casting
29:12 Hand Cart
29:58 Horse Collar
30:39 Stone Mining
30:39 Gold Mining
31:02 Double-Bit Axe
31:57 Stone Shaft Mining
33:06 Fletching
36:29 Imperial Age
34:40 Bodkin Arrow
35:37 Ballistics
34:58 Treadmill Crane
35:25 Murder Holes
35:39 Padded Archer Armor
35:37 Elite Skirmisher
36:24 Thumb Ring
37:08 Leather Archer Armor
38:42 Chemistry
38:08 Fortified Wall
39:10 Hoardings
39:33 Logistica
39:46 Bracer
40:41 Plate Barding Armor
41:30 Pikeman
42:11 Squires
41:56 Gambesons
41:57 Arson
42:08 Halberdier
44:13 Conscription
念
10:25 Feudal Age
14:05 Castle Age
12:22 Double-Bit Axe
13:45 Horse Collar
18:59 Wheelbarrow
18:13 Town Watch
24:16 Hand Cart
24:16 Scale Barding Armor
24:21 Forging
24:12 Padded Archer Armor
24:58 Gold Mining
24:58 Stone Mining
25:26 Bow Saw
26:03 Fervor
26:35 Gold Shaft Mining
26:03 Heavy Plow
29:43 Imperial Age
27:05 Loom
28:39 Chain Barding Armor
28:55 Iron Casting
29:42 Leather Archer Armor
30:29 Stone Shaft Mining
31:03 Ring Archer Armor
31:35 Chemistry
32:10 Shatagni
32:30 Conscription
32:52 Plate Barding Armor
31:46 Siege Elephant
36:11 Iron Casting
37:48 Coinage
37:18 Caravan
40:10 Blast Furnace
39:22 Bloodlines
39:12 Husbandry
38:35 Heavy Camel Rider
40:41 Imperial Camel Rider
43:25 Fletching
47:06 Fortified Wall
47:02 Siege Engineers
47:07 Masonry
47:10 Fortified Wall
48:13 Two-Man Saw
46:58 Light Cavalry
48:36 Hussar
49:49 Bodkin Arrow
50:30 Ballistics
a.tarikcam
11:27 Feudal Age
15:34 Castle Age
13:56 Horse Collar
14:23 Double-Bit Axe
16:34 Fletching
16:57 Bow Saw
17:03 Loom
19:44 Gold Mining
23:06 Bodkin Arrow
31:54 Ballistics
32:19 Wheelbarrow
37:48 Imperial Age
35:36 Hand Cart
35:31 Scale Mail Armor
36:39 Gold Shaft Mining
36:47 Chain Mail Armor
39:12 Plate Mail Armor
39:55 Two-Man Saw
39:59 Forging
41:21 Chemistry
41:38 Iron Casting
42:14 Elite Fire Lancer
43:21 Squires
43:17 Town Watch
43:38 Arson
44:12 Stone Mining
44:21 Pikeman
45:35 Bracer
45:39 Town Patrol
47:15 Halberdier
48:43 Guilds
49:15 Siege Engineers
53:42 Elite War Wagon
56:16 Conscription
Connection lost

Rejoining the realm…

Still unreachable

The connection could not be restored.

Session expired

The server has moved on; the page needs a fresh start.